 Dungeon Crawl Stone Soup version 0.18.1-5-g4a78601 (webtiles) character file.

6144 dvd the Geomancer (level 10, -4/82 HPs)
             Began as a Deep Dwarf Earth Elementalist on May 11, 2016.
             Was a Follower of Elyvilon.
             Slain by Maud
             ... wielding a +3 demon trident
              (19 damage)
             ... on level 10 of the Dungeon.
             The game lasted 00:41:13 (9121 turns).

dvd the Geomancer (Deep Dwarf Earth Elementalist)   Turns: 9121, Time: 00:41:14

Health: -4/82      AC:  9    Str: 11    XL:     10   Next: 59%
Magic:  6/22       EV: 15    Int: 18    God:    Elyvilon [*.....]
Gold:   454        SH:  0    Dex: 13    Spells: 3 memorised, 16 levels left

rFire  . . .     SeeInvis .     c - 120 stones
rCold  + . .     Gourm    .     k - +2 robe {rC+}
rNeg   . . .     Faith    .     (no shield)
rPois  +         Spirit   .     (no helmet)
rElec  .         Dismiss  .     (no cloak)
rCorr  .         Reflect  .     y - +2 pair of gloves
SustAt .         Harm     .     F - +2 pair of boots
MR     +....     Clarity  +     u - amulet of rage
Stlth  +++.......               (no ring)
                                q - ring of poison resistance

@: non-regenerating, somewhat resistant to hostile enchantments, fairly stealthy
A: damage resistance, recharge devices, blurry vision 1, clarity, deformed body,
sense surroundings 2, slow regeneration 3, weak 1, wild magic 1
a: Device Recharging, Lesser Healing, Divine Protection, Renounce Religion,
Evoke Berserk Rage


You were on level 10 of the Dungeon.
You worshipped Elyvilon.
Elyvilon was aware of your devotion.
You were hungry.

You visited 2 branches of the dungeon, and saw 11 of its levels.

You collected 454 gold pieces.

Inventory:

Hand Weapons
 a - a +2 war axe
 b - a +0 morningstar
Missiles
 c - 120 stones (in hand)
 m - 4 tomahawks (quivered)
Armour
 k - a +2 robe of cold resistance (worn)
 y - a +2 pair of gloves (worn)
 F - a +2 pair of boots (worn)
Rods
 v - a -3 lightning rod (6/13)
   (You found it on level 6 of the Dungeon)
Jewellery
 q - a ring of poison resistance (left hand)
 u - an amulet of rage (around neck)
Wands
 d - a wand of heal wounds (2/9)
 p - a wand of disintegration (10/24)
 r - a wand of paralysis (10/24)
Scrolls
 g - 10 scrolls of remove curse
 j - 3 scrolls of enchant armour
 l - 9 scrolls of identify
 n - a scroll of recharging
 z - 2 scrolls of teleportation
 A - 2 scrolls of amnesia
Potions
 e - 2 potions of agility
 t - a potion of invisibility
 x - 3 potions of curing
 C - 2 potions of haste
Books
 s - the Tome of Destructive Flight
   (You found it on level 5 of the Dungeon)

   Spells                             Type                      Level
   a - Magic Dart                     Conjuration                  1
   b - Stone Arrow                    Conjuration/Earth            3
   c - Conjure Flame                  Conjuration/Fire             3
   d - Airstrike                      Air                          4
   e - Tornado                        Air                          9
 E - a book of Geomancy

   Spells                             Type                      Level
   a - Sandblast                      Earth                        1
   b - Passwall                       Transmutation/Earth          2
   c - Stone Arrow                    Conjuration/Earth            3
   d - Petrify                        Transmutation/Earth          4
   e - Lee's Rapid Deconstruction     Earth                        5
Comestibles
 f - 6 bread rations
 i - 3 meat rations
 o - 3 slices of pizza
 w - 9 fruits
 B - 11 royal jellies
 D - 2 chunks of flesh


   Skills:
 + Level 2.9 Fighting
 + Level 3.0 Axes
 + Level 6.9 Dodging
 + Level 4.2 Stealth
 + Level 8.3 Spellcasting
 + Level 2.4 Conjurations
   Level 0.8 Transmutations
 + Level 11.9 Earth Magic
 + Level 2.9 Invocations
 + Level 3.2 Evocations


You had 16 spell levels left.
You knew the following spells:

 Your Spells              Type           Power        Failure   Level  Hunger
a - Sandblast             Erth           ######       1%          1    None
b - Stone Arrow           Conj/Erth      #####.       2%          3    None
c - Lee's Rapid Deconstr  Erth           ######....   3%          5    #####..


Dungeon Overview and Level Annotations

Branches:
Dungeon (10/15)            Temple (1/1) D:4            Lair (0/8) D:9
    Orc: D:9-12

Altars:
Ashenzari
Cheibriados
Dithmenos
Elyvilon
Fedhas
Gozag
Kikubaaqudgha
Makhleb
Nemelex Xobeh
Okawaru
Pakellas
Qazlal
Ru
Sif Muna
Trog
Vehumet
Xom
Yredelemnul
Zin
The Shining One

Shops:
D:6 [*

Annotations:
D:4 F1L1N's ghost, novice MiBe
D:10 Maud


Innate Abilities, Weirdness & Mutations

You are resistant to damage.
You can recharge devices by infusing magical energy.
You passively map the area around you.
You do not regenerate naturally.
Scrolls take you a little longer to read.
You possess an exceptional clarity of mind.
Armour fits poorly on your strangely shaped body.
You are weak. (Str -2)
Your spells are a little harder to cast, but a little more powerful.


Message History

Maud is severely wounded.
Casting: Sandblast
Confirm with . or Enter, or press ? or * to list all spells.
Aiming: Sandblast
Press: ? - help, Shift-Dir - straight line, f/p - Maud
Aim: Maud, wielding an enchanted demon trident and wearing a plate armour (severely wounded)
The rocky blast hits Maud.
Maud is severely wounded.
Maud hits you from afar with an enchanted demon trident!!
* * * LOW HITPOINT WARNING * * *
Casting: Sandblast
Confirm with . or Enter, or press ? or * to list all spells.
Aiming: Sandblast
Press: ? - help, Shift-Dir - straight line, f/p - Maud
Aim: Maud, wielding an enchanted demon trident and wearing a plate armour (severely wounded)
The rocky blast hits Maud.
Maud is severely wounded.
Maud screams, "Submit or die!"
Maud hits you from afar with an enchanted demon trident!!
You die...

, , * ,
#.##.##)#**
, ,
#.##.##)#
*,
#.##.##<# *
#.##.##.# *
*
##.##.##[#
* ,
#........#
*
#.########
* * #.# * *
, #@# ,, *
#.# * ,** *
,*#@# #.# *
* ** * ,#.#
* * * , ,
,.?. ,,, ,
**,* ### *
* , , ,,, ,
, ,,,,* * *
* ** * **


You could see Maud.

Vanquished Creatures
  Snorg (D:10)
  Fannar (D:10)
  A troll (D:9)
  5 yaks (D:9)
  A wraith (D:6)
  A hippogriff (D:8)
  A soldier ant (D:9)
  2 orc warriors (D:6)
  2 ice beasts
  A black bear (D:6)
  2 wasps
  4 ogres
  3 phantoms
  A necrophage (D:9)
  A centaur (D:7)
  10 giant frogs
  A scorpion (D:5)
  A water moccasin skeleton (D:6)
  3 killer bees
  A wight (D:6)
  2 giant frog zombies
  3 crimson imps
  4 hounds
  A quasit (D:7)
  A giant frog skeleton (D:8)
  4 orc priests
  A centaur skeleton (D:4)
  4 orc wizards
  2 iguanas
  5 worker ants
  A hound skeleton (D:9)
  8 adders
  3 shadow imps
  2 oozes
  An adder skeleton (D:4)
  3 worms
  3 dart slugs
  4 giant geckos
  26 orcs
  3 giant cockroaches
  3 goblins
  14 hobgoblins
  6 jackals
  5 quokkas
  2 ball pythons (D:4)
  A ball python zombie (D:5)
  5 bats
  4 giant newts
  A jackal zombie (D:8)
  6 kobolds
  A quokka skeleton (D:6)
  4 rats
  A bush (D:2)
177 creatures vanquished.

Vanquished Creatures (others)
  A howler monkey (D:9)
1 creature vanquished.

Grand Total: 178 creatures vanquished

Notes
Turn   | Place    | Note
--------------------------------------------------------------
     0 | D:1      | dvd the Deep Dwarf Earth Elementalist began the quest for the Orb.
     0 | D:1      | Reached XP level 1. HP: 15/15 MP: 3/3
   166 | D:1      | Reached XP level 2. HP: 19/22 MP: 0/5
  1448 | D:2      | Reached XP level 3. HP: 8/28 MP: 4/6
  1618 | D:2      | Reached skill level 5 in Earth Magic
  1922 | D:2      | Learned a level 3 spell: Stone Arrow
  1954 | D:2      | Reached XP level 4. HP: 21/36 MP: 5/7
  2652 | D:3      | Gained mutation: Armour fits poorly on your strangely shaped body. [potion of mutation]
  2652 | D:3      | Gained mutation: Scrolls take you a little longer to read. [potion of mutation]
  2653 | D:3      | Gained mutation: Your spells are a little harder to cast, but a little more powerful. [potion of mutation]
  2653 | D:3      | Gained mutation: You possess an exceptional clarity of mind. [potion of mutation]
  2653 | D:3      | Gained mutation: You are weak. (Str -2) [potion of mutation]
  2678 | D:3      | Noticed a giant frog
  2689 | D:3      | Killed a giant frog
  2689 | D:3      | Reached XP level 5. HP: 23/43 MP: 5/9
  3068 | D:4      | Noticed F1L1N's ghost (novice MiBe)
  3383 | D:4      | Reached skill level 6 in Earth Magic
  3433 | D:4      | Found a staircase to the Ecumenical Temple.
  3438 | Temple   | Entered the Ecumenical Temple
  3577 | Temple   | Became a worshipper of Elyvilon the Healer
  3621 | D:4      | Reached XP level 6. HP: 8/50 MP: 2/10
  3791 | D:4      | Reached skill level 1 in Fighting
  3791 | D:4      | Reached skill level 1 in Evocations
  3943 | D:5      | Entered Level 5 of the Dungeon
  4104 | D:5      | Reached XP level 7. HP: 34/57 MP: 5/13
  4406 | D:5      | Identified the Tome of Destructive Flight
  4412 | D:5      | Found a sacrificial altar of Ru.
  4416 | D:5      | Reached skill level 7 in Earth Magic
  4427 | D:5      | Reached * piety under Elyvilon
  4815 | D:6      | Reached skill level 5 in Spellcasting
  4882 | D:6      | Found Roptufy's Antique Armour Boutique.
  4935 | D:6      | Reached skill level 1 in Axes
  4947 | D:6      | Found an opulent altar of Gozag.
  4951 | D:6      | Found Gozag's Platinum Reserve.
  4974 | D:6      | Reached skill level 8 in Earth Magic
  4974 | D:6      | Reached XP level 8. HP: 23/64 MP: 12/15
  5466 | D:6      | Reached skill level 5 in Dodging
  5509 | D:6      | Reached skill level 1 in Conjurations
  5601 | D:6      | HP: 2/64 [orc warrior/halberd (22)]
  5744 | D:6      | Reached skill level 1 in Invocations
  5758 | D:6      | Reached skill level 9 in Earth Magic
  6053 | D:7      | Learned a level 5 spell: Lee's Rapid Deconstruction
  6239 | D:7      | Gained mutation: You passively map the area around you. [Deep Dwarf growth]
  6239 | D:7      | Reached XP level 9. HP: 51/73 MP: 13/17
  7068 | D:8      | Reached ** piety under Elyvilon
  7147 | D:8      | Found a snail-covered altar of Cheibriados.
  7754 | D:9      | Noticed a troll
  7760 | D:9      | Killed a troll
  7760 | D:9      | Reached skill level 10 in Earth Magic
  8190 | D:9      | Found a staircase to the Lair.
  8336 | D:9      | Reached XP level 10. HP: 33/81 MP: 1/21
  8340 | D:9      | Reached skill level 11 in Earth Magic
  8621 | D:9      | Found a sparkling altar of Nemelex Xobeh.
  8868 | D:10     | Entered Level 10 of the Dungeon
  8875 | D:10     | Noticed Fannar
  8889 | D:10     | Killed Fannar
  8894 | D:10     | Noticed Snorg
  9061 | D:10     | Killed Snorg
  9109 | D:10     | Noticed Maud
  9121 | D:10     | Slain by Maud

Skill      XL: |  1  2  3  4  5  6  7  8  9 10 |
---------------+-------------------------------+-----
Spellcasting   | 2 3 4 5 7 8 |  8.3
Earth Magic    | 5 6 8 9 10 11 | 11.9
Dodging        | 3 4 5 6 |  6.9
Stealth        | 3 4 |  4.2
Fighting       | 1 2 |  2.9
Evocations     | 1 2 3 |  3.2
Axes           | 1 2 3 |  3.0
Conjurations   | 1 2 |  2.4
Invocations    | 1 2 |  2.9
Transmutations | |  0.8

Action                   |  1- 3 |  4- 6 |  7- 9 | 10-12 || total
-------------------------+-------+-------+-------+-------++-------
Melee: Spear             |    25 |       |       |       ||    25
       Mace              |     9 |     4 |       |       ||    13
       War axe           |    13 |    88 |    88 |    11 ||   200
Throw: Stone             |     1 |       |       |       ||     1
 Cast: Sandblast         |    56 |    65 |   112 |    27 ||   260
       Stone Arrow       |       |     5 |    33 |     3 ||    41
       Lee's Rapid Decon |       |       |    15 |     6 ||    21
Invok: Lesser Healing    |       |       |    25 |    13 ||    38
       Heal Other        |       |       |     2 |       ||     2
Evoke: Wand              |     1 |     4 |     8 |     2 ||    15
       Rod               |       |       |     5 |     5 ||    10
  Use: Potion            |     1 |    11 |     1 |     2 ||    15
       Scroll            |       |     7 |     8 |     2 ||    17
 Stab: Sleeping          |     5 |     4 |     2 |       ||    11
  Eat: Chunk             |     4 |     7 |    20 |     6 ||    37
       Royal jelly       |       |       |     1 |       ||     1
       Pizza             |       |       |     1 |       ||     1
       Beef jerky        |       |       |     1 |       ||     1
Armor: Robe              |    12 |     7 |    50 |     8 ||    77
Dodge: Dodged            |    51 |    53 |   162 |    42 ||   308
